 Dungeon Crawl Stone Soup version 0.28.0-53-g5a82cb258f (webtiles) character file.

Game seed: 5748763543393311631

11720 Peloso the Carver (level 11, 0/99 HPs)
             Began as a Minotaur Fighter on May 27, 2022.
             Slain by a komodo dragon (23 damage)
             ... on level 2 of the Lair of Beasts.
             The game lasted 00:25:33 (11072 turns).

Peloso the Carver (Minotaur Fighter)               Turns: 11072, Time: 00:25:33

Health: 0/99       AC: 21    Str: 28    XL:     11   Next: 53%
Magic:  10/10      EV:  9    Int:  5    God:
Gold:   627        SH:  9    Dex: 16    Spells: 10/10 levels left

rFire   . . .      SeeInvis .   b - +2 scimitar (flame)
rCold   . . .      Faith    .   c - +3 buckler
rNeg    . . .      Spirit   .   g - +6 plate armour of Past Mistakes {Dex+3}
rPois   .          Reflect  .   (helmet restricted)
rElec   .          Harm     .   (no cloak)
rCorr   .          Rampage  .   (no gloves)
Will    .....                   (no boots)
Stlth   ..........              (no amulet)
HPRegen 0.26/turn               t - +6 ring of strength
MPRegen 0.12/turn               (no ring)

@: no status effects
A: horns 2, retaliatory headbutt
a: no special abilities


You were on level 2 of the Lair of Beasts.
You visited 3 branches of the dungeon, and saw 12 of its levels.

You collected 627 gold pieces.

Inventory:

Hand Weapons
 a - a +4 scimitar of protection
 b - a +2 scimitar of flaming (weapon)
Missiles
 k - 5 throwing nets (quivered)
Armour
 c - a +3 buckler (worn)
 g - the +6 plate armour of Past Mistakes (worn) {Dex+3}
   (You acquired it on level 3 of the Dungeon)

   Dex:       It affects your dexterity (+3).
Jewellery
 e - a ring of protection from cold
 j - a ring of magical power
 t - a +6 ring of strength (left hand)
 u - a +4 ring of evasion
 B - a ring of resist corrosion
 C - a ring of positive energy
 D - a ring of wizardry
Wands
 v - a wand of iceblast (9)
 w - a wand of flame (13)
 x - a wand of paralysis (7)
 A - a wand of mindburst (12)
 G - a wand of acid (4)
Scrolls
 d - 2 scrolls of noise
 h - 4 scrolls of teleportation
 i - 2 scrolls of blinking
 q - 2 scrolls of holy word
 r - a scroll of acquirement
 s - a scroll of brand weapon
 y - a scroll of identify
 I - a scroll of amnesia
Potions
 f - 2 potions of mutation
 l - 2 potions of heal wounds
 m - a potion of haste {unknown}
 n - a potion of brilliance {unknown}
 o - a potion of attraction {unknown}
 p - 3 potions of degeneration {unknown}
 z - a potion of magic {unknown}
 E - a potion of might


   Skills:
 + Level 9.8 Fighting
 + Level 14.1 Long Blades
 + Level 11.2 Armour
 + Level 3.0 Dodging
 + Level 1.8 Stealth
 + Level 9.2 Shields
 + Level 1.1 Evocations


You had 10 spell levels left.
You didn't know any spells.
Your spell library contained the following spells:

 Spells                   Type           Power      Damage    Failure   Level
 Ensorcelled Hibernation  Hex/Ice        0%         N/A       100%        2
 Passwall                 Tmut/Erth      0%         N/A       100%        2
 Frozen Ramparts          Ice            0%         1d2       100%        3
 Swiftness                Air            0%         N/A       100%        3
 Ice Form                 Ice/Tmut       0%         N/A       100%        4
 Passage of Golubria      Tloc           0%         N/A       100%        4
 Summon Ice Beast         Ice/Summ       0%         N/A       100%        4
 Silence                  Hex/Air        0%         N/A       100%        5
 Lehudib's Crystal Spear  Conj/Erth      0%         10d2      100%        8


Dungeon Overview and Level Annotations

Branches:
Dungeon (9/15)             Temple (1/1) D:7            Lair (2/6) D:8
    Orc (0/2) D:9
  Swamp: Lair:2-4    Shoals: Lair:2-4     Snake: Lair:2-4    Spider: Lair:2-4

Altars:
Ashenzari
Cheibriados
Dithmenos
Elyvilon
Fedhas
Gozag
Hepliaklqana
Kikubaaqudgha
Makhleb
Nemelex Xobeh
Qazlal
Ru
Sif Muna
Trog
Uskayaw
Vehumet
Wu Jian
Xom
Yredelemnul
Zin
The Shining One
Lugonu

Shops:
D:5 =


Innate Abilities, Weirdness & Mutations

You have a pair of horns on your head.
You reflexively headbutt those who attack you in melee.


Message History

You are more poisoned.
The cane toad poisons you!
Unknown command.
You slash the cane toad! You burn the cane toad.
Your headbutt misses the cane toad.
The cane toad is heavily wounded.
You hear the loud beating of a distant drum.
You feel very sick.
The cane toad stings you but does no damage.
Unknown command.
You barely miss the cane toad.
The cane toad is heavily wounded.
You feel very sick. The cane toad stings you!
Unknown command.
You slice the cane toad!! You burn the cane toad.
You kill the cane toad!
You feel very sick.
You feel very sick.
You see here a cane toad corpse.
You feel very sick.
Unknown command.
You feel very sick.
You see here a cane toad corpse.
Okay, then.
You feel very sick.
You feel sick.
You feel sick.
You feel sick.
Found a wand of paralysis (4).
You feel sick.
You feel sick.
Found a fuming pink potion.
You feel sick.
Unknown command.
You feel sick.
You feel sick.
You are no longer poisoned.
A komodo dragon comes into view.
The komodo dragon hisses angrily.
Found 14 gold pieces.
The komodo dragon bites you!!
You die...

#....P......P... ...###......
#....P. .........$P. +## #.......
#..................##..# #......#
#....#......+./.......#.###.....#
.....#......#...................#
#....#.#.#.#.....................
.................................
.................................
..†}............@l...............
..†.............!................
#................................
..............................#..
#...#..+P+.##.......+#..P#....P..
#.......#.###............P.#.....
#...P##...##P^....P...........#..
#...P#............P...........#..
....+......#..................#..


You could see a komodo dragon.

Vanquished Creatures
  Harold (D:8)
  A hydra (Lair:2)
  A two-headed ogre (D:5)
  Pikel (D:7)
  2 komodo dragons
  4 cane toads
  An efreet (D:9)
  A polar bear (Lair:1)
  8 blink frogs (Lair:1)
  A wyvern (D:9)
  6 yaks (D:8)
  4 steam dragons
  Menkaure (D:7)
  3 water moccasins (Lair:2)
  An ice beast (D:7)
  3 black bears
  A sky beast (D:6)
  2 necrophages
  8 wolves
  3 centaurs
  4 lemures (D:7)
  A kobold brigand (D:7)
  2 scorpions
  A gnoll sergeant (D:8)
  5 bullfrogs
  A wyvern skeleton (D:5)
  8 wights
  2 electric eels (Lair:1)
  2 lava snakes (Lair:1)
  3 centaur zombies (D:8)
  4 hounds
  2 jellies
  3 orc priests
  A centaur skeleton (D:6)
  3 bullfrog skeletons
  3 iguanas
  3 iron imps (D:4)
  Ijyb (D:3)
  Natasha (thrice) (D:3)
  8 orc wizards
  2 killer bee zombies
  A hound skeleton (D:4)
  A howler monkey zombie (D:5)
  18 gnolls
  2 howler monkey skeletons
  4 adders
  2 shadow imps
  A white imp (D:6)
  An adder skeleton (D:4)
  2 worms
  4 dart slugs
  24 orcs
  9 endoplasms
  3 giant cockroaches
  7 goblins
  6 hobgoblins
  2 jackals (D:3)
  9 kobolds
  5 quokkas
  9 ball pythons
  6 bats
  4 frilled lizards
  A quokka skeleton (D:4)
  6 rats
242 creatures vanquished.

Vanquished Creatures (others)
  5 fungi
  A plant (Lair:1)
6 creatures vanquished.

Grand Total: 248 creatures vanquished

Notes
Turn   | Place    | Note
-------+----------+-------------------------------------------
     0 | D:1      | Peloso the Minotaur Fighter began the quest for the Orb.
     0 | D:1      | Reached XP level 1. HP: 19/19 MP: 0/0
   251 | D:1      | Reached XP level 2. HP: 19/27 MP: 1/1
   776 | D:1      | Reached skill level 3 in Long Blades
  1016 | D:1      | Reached XP level 3. HP: 33/33 MP: 2/2
  1340 | D:2      | Reached skill level 4 in Long Blades
  1340 | D:2      | Reached XP level 4. HP: 28/40 MP: 3/3
  1976 | D:2      | Found a faded altar of an unknown god.
  2074 | D:3      | Noticed Natasha
  2089 | D:3      | Killed Natasha
  2232 | D:3      | Noticed Natasha
  2350 | D:3      | Killed Natasha
  2351 | D:3      | Reached XP level 5. HP: 43/47 MP: 4/4
  2415 | D:3      | Reached skill level 5 in Long Blades
  2717 | D:3      | Noticed Natasha
  2721 | D:3      | Killed Natasha
  2774 | D:3      | Reached skill level 1 in Dodging
  2780 | D:3      | Reached skill level 5 in Armour
  2782 | D:3      | Reached XP level 6. HP: 43/53 MP: 5/5
  2840 | D:3      | Found a hide-covered altar of Uskayaw.
  2974 | D:3      | Noticed Ijyb
  2981 | D:3      | Paralysed by Ijyb for 6 turns
  2989 | D:3      | Paralysed by Ijyb for 3 turns
  3006 | D:3      | Killed Ijyb
  3260 | D:3      | Identified a scroll of acquirement
  3260 | D:3      | Acquired the +6 plate armour of Past Mistakes {Dex+3}
  3406 | D:4      | Reached skill level 5 in Fighting
  3613 | D:4      | Reached skill level 6 in Long Blades
  3683 | D:4      | Found an opulent altar of Gozag.
  3742 | D:4      | Reached XP level 7. HP: 59/61 MP: 6/6
  3759 | D:4      | Found a glowing golden altar of the Shining One.
  3873 | D:4      | Found a burning altar of Makhleb.
  4016 | D:4      | Found a transporter.
  4018 | D:4      | Found a transporter.
  4020 | D:4      | Found an ornate altar of the Wu Jian Council.
  4021 | D:4      | Found a shimmering blue altar of Sif Muna.
  4023 | D:4      | Found a snail-covered altar of Cheibriados.
  4142 | D:5      | Entered Level 5 of the Dungeon
  4154 | D:5      | Identified the +10 whip of Recklessness {vamp, rC++ Str-4
                  | Int+3}
  4333 | D:5      | Reached skill level 7 in Long Blades
  4384 | D:5      | Found Ickieto's Jewellery Boutique.
  4492 | D:5      | Noticed a two-headed ogre
  4509 | D:5      | Killed a two-headed ogre
  4510 | D:5      | Reached skill level 8 in Long Blades
  4510 | D:5      | Reached skill level 5 in Shields
  4510 | D:5      | Reached XP level 8. HP: 18/71 MP: 7/7
  4821 | D:5      | Reached skill level 9 in Long Blades
  5045 | D:6      | Found a glowing silver altar of Zin.
  5497 | D:6      | Found a basalt altar of Yredelemnul.
  5549 | D:6      | Reached skill level 10 in Long Blades
  5549 | D:6      | Reached XP level 9. HP: 79/79 MP: 8/8
  5620 | D:7      | Reached skill level 1 in Stealth
  5913 | D:7      | Reached skill level 11 in Long Blades
  6089 | D:7      | Noticed Pikel
  6099 | D:7      | Killed Pikel
  6159 | D:7      | Found a staircase to the Ecumenical Temple.
  6168 | Temple   | Entered the Ecumenical Temple
  6243 | D:7      | Noticed Menkaure
  6249 | D:7      | Killed Menkaure
  6902 | D:7      | Reached skill level 12 in Long Blades
  7356 | D:8      | Found a staircase to the Lair.
  7366 | D:8      | Reached XP level 10. HP: 61/88 MP: 9/9
  7818 | D:8      | Noticed Harold
  7838 | D:8      | Killed Harold
  8213 | D:9      | Found a hazy altar of Hepliaklqana.
  8282 | D:9      | Reached skill level 13 in Long Blades
  8295 | D:9      | HP: 1/90 [efreet/bolt of fire (17)]
  8656 | D:9      | Found a shadowy altar of Dithmenos.
  8710 | D:9      | Found a staircase to the Orcish Mines.
  8712 | D:9      | Found a broken altar of Ashenzari.
  8772 | D:9      | Found a sacrificial altar of Ru.
  8908 | D:9      | Found a blossoming altar of Fedhas.
  9276 | Lair:1   | Entered Level 1 of the Lair of Beasts
  9289 | Lair:1   | Reached skill level 10 in Armour
  9351 | Lair:1   | Noticed a cane toad
  9354 | Lair:1   | Killed a cane toad
  9378 | Lair:1   | Reached XP level 11. HP: 77/97 MP: 10/10
 10887 | Lair:2   | Reached skill level 1 in Evocations
 10975 | Lair:2   | Noticed a six-headed hydra
 10985 | Lair:2   | Killed a one-headed hydra
 10986 | Lair:2   | Reached skill level 14 in Long Blades
 11072 | Lair:2   | Slain by a komodo dragon

Illustrated notes

Levels and vault maps discovered:
D:1:      noname_arrival_rooms_in_the_neighbourhood, layout_loops_ring,
          minmay_close_crescents
D:2:      layout_basic, shapermc_ecumenical_altar_mp_vishouse, minmay_quantized
D:3:      layout_basic, nicolae_uskayaw_suspiria, uniq_natasha, uniq_ijyb
D:4:      layout_rooms, demons_altar, nicolae_overflow_crystal_walls,
          mainiacjoe_overflow_concentric_impassable,
          gammafunk_temple_overflow_arena, hangedman_decor_riveting
D:5:      layout_basic, serial_shops, shop
D:6:      layout_gridville, lemuel_round_altar, marbit_many_paths
D:7:      wander_river, layout_basic, minmay_temple_entry_grid,
          hangedman_glass_teeth, uniq_menkaure, uniq_pikel
D:8:      layout_gridville, lair_entry_dummy, serial_park_tiny_pond, uniq_harold
D:9:      layout_cave_pools, fedhas_altar_fruit_tree, mainiacjoe_overflow_paths,
          mainiacjoe_overflow_alcove_1, nicolae_ru_great_annihilating_truth,
          kennysheep_little_box, orc_0_dummy, nrook_loot_triangle
Temple:   corrupted_temple
Lair:1:   layout_regular_city, chequers_serial_rivers_micro_e,
          nicolae_lair_liquid_snakes, lemuel_fruit_fields, grunt_megastairs_4
Lair:2:   layout_regular_city, gauntlet_entry_generic

Skill      XL: |  1  2  3  4  5  6  7  8  9 10 11 |
---------------+----------------------------------+-----
Armour         | 4 5 6 7 8 10 11 | 11.2
Fighting       | 4 5 6 7 9 |  9.8
Long Blades    | 3 4 5 6 8 10 12 13 14 | 14.1
Shields        | 4 5 6 8 9 |  9.2
Dodging        | 1 2 3 |  3.0
Stealth        | 1 |  1.8
Evocations     | 1 |  1.1

Action                   |  1- 3 |  4- 6 |  7- 9 | 10-12 || total
-------------------------+-------+-------+-------+-------++-------
Melee: Long sword        |    79 |   150 |   247 |    11 ||   487
       Headbutt          |     9 |    29 |    60 |    51 ||   149
       Scimitar          |       |       |       |   204 ||   204
Evoke: Wand              |       |       |       |     8 ||     8
  Use: Scroll            |       |     4 |       |    10 ||    14
       Potion            |       |       |     1 |     3 ||     4
Armor: Scale mail        |    48 |    43 |       |       ||    91
       Plate armour      |       |    49 |   163 |   111 ||   323
Dodge: Dodged            |    24 |    46 |    78 |    80 ||   228
Block: Buckler           |    13 |    38 |    87 |    85 ||   223
